 Dungeon Crawl Stone Soup version 0.30.1-4-g462c640d31 (webtiles) character file.

Game seed: 2900923395815647330

46 Cheops the Conjurer (level 3, 0/19 HPs)
             Began as a Deep Elf Conjurer on Aug 28, 2023.
             Slain by Terence
             ... wielding a +0 flail
              (10 damage)
             ... on level 2 of the Dungeon.
             The game lasted 00:01:32 (1521 turns).

Cheops the Conjurer (Deep Elf Conjurer)             Turns: 1521, Time: 00:01:33

Health: 0/19       AC:  2    Str:  4    XL:     3   Next: 46%
Magic:  6/11       EV: 12    Int: 24    God:
Gold:   98         SH:  0    Dex: 13    Spells: 8/11 levels left

rFire   . . .        b - +1 dagger (freeze)
rCold   . . .        (no shield)
rNeg    . . .        e - +0 robe
rPois   .            (no helmet)
rElec   .            (no cloak)
rCorr   .            (no gloves)
SInv    .            (no boots)
Will    .....        (no amulet)
Stlth   ++           (no ring)
HPRegen 0.23/turn    (no ring)
MPRegen 0.12/turn

%: no passive effects
@: lethally poisoned (0 -> -9)
A: no striking features
a: no special abilities


You were on level 2 of the Dungeon.
You visited 1 branch of the dungeon, and saw 2 of its levels.

You collected 98 gold pieces.

Inventory:

Hand Weapons
 a - a +1 dagger of venom
 b - a +1 dagger of freezing (weapon)
Armour
 e - a +0 robe (worn)
Scrolls
 c - a scroll of identify {unknown}
 d - a scroll of enchant weapon {unknown}
 i - a scroll of blinking {unknown}
 j - a scroll of poison {unknown}
Potions
 f - a potion of magic
 g - a potion of invisibility {unknown}
 h - 2 potions of flight {unknown}
 k - a potion of mutation {unknown}
 l - a potion of curing {unknown}


   Skills:
 - Level 2.4 Dodging
 - Level 2.4 Stealth
 + Level 4.6 Spellcasting
 - Level 5.0 Conjurations


You had 8 spell levels left.
You knew the following spells:

 Your Spells              Type           Power      Damage    Failure   Level
a - Magic Dart            Conj           100%       1d8       1%          1
b - Searing Ray           Conj           58%        2d6       1%          2

Your spell library contained the following spells:

 Spells                   Type           Power      Damage    Failure   Level
 Dazzling Flash           Conj/Hex       34%        N/A       10%         3
 Fulminant Prism          Conj/Hex       8%         3d6       32%         4
 Iskenderun's Mystic Bla  Conj/Tloc      17%        2d5       32%         4
 Summon Forest            Summ/Tloc      2%         N/A       95%         5
 Summon Mana Viper        Hex/Summ       5%         N/A       95%         5
 Summon Cactus Giant      Summ           2%         N/A       100%        6


Dungeon Overview and Level Annotations

Branches:
Dungeon (2/15)

Altars:
Kikubaaqudgha

Annotations:
D:2 Terence


Message History

You now have 98 gold pieces (gained 13).
An adder comes into view.
The adder hisses angrily.
You hear a shout!
The adder moves out of view.
Terence the Incautious comes into view.
He is wielding a +0 flail.
Terence shouts!
The adder barely misses you.
There are monsters nearby!
There are monsters nearby!
Casting: Magic Dart (safe; 1% risk of failure)
Confirm with . or Enter, or press ? or * to list all spells.
Aiming: Searing Ray (safe; 1% risk of failure)
Press: ? - help, Shift-Dir - straight line, f - Terence
Aim: Terence, wielding a +0 flail and wearing a +0 scale mail (82% to hit)
The searing ray hits the adder.
The adder is heavily wounded.
The searing ray hits Terence.
Terence is lightly wounded. (Press . to maintain the ray.)
The adder barely misses you.
The searing ray hits the adder.
The adder is almost dead.
The searing ray hits Terence but does no damage.
Terence is lightly wounded.
The adder bites you.
You are poisoned.
The adder poisons you!
The searing ray hits Terence.
Terence is moderately wounded.
You feel sick. The adder misses you. Terence closely misses you.
The searing ray hits Terence but does no damage.
Terence is moderately wounded.
You finish channelling your searing ray.
You feel sick. The adder bites you.
* * * LOW HITPOINT WARNING * * *
You are more poisoned.
The adder poisons you! The adder closely misses you.
Terence hits you with a +0 flail!
Ouch! That really hurt!
You die...

##. #.. ####.## #..
.....### #.# ...... #.#
...# #.#####S@#
#.##...@.# #.##.###.#
#.##.# #.###### #+#
#.##.###......# #.#
#........## #.# #.#
####.###.# #.###.##
####.###.####.##...#####
#........#..............
#.#####..#.##.##...#####


You could see Terence and an adder.

Vanquished Creatures
  An adder (D:2)
  A worm (D:2)
  3 dart slugs
  4 endoplasms
  2 giant cockroaches (D:1)
  4 goblins (D:1)
  3 hobgoblins (D:1)
  A quokka (D:1)
  A ball python (D:2)
  2 bats (D:1)
  5 frilled lizards
  A rat (D:1)
28 creatures vanquished.

Notes
Turn   | Place    | Note
-------+----------+-------------------------------------------
     0 | D:1      | Cheops the Deep Elf Conjurer began the quest for the Orb.
     0 | D:1      | Reached XP level 1. HP: 10/10 MP: 6/6
    85 | D:1      | Reached XP level 2. HP: 15/15 MP: 0/8
   350 | D:1      | Reached skill level 5 in Conjurations
   899 | D:1      | Learned a level 2 spell: Searing Ray
   956 | D:2      | Reached XP level 3. HP: 19/19 MP: 6/10
  1152 | D:2      | Found the +4 robe of Augmentation {Str+4 Int+4 Dex+4}
  1338 | D:2      | Found an ancient bone altar of Kikubaaqudgha.
  1517 | D:2      | Noticed Terence
  1521 | D:2      | Slain by Terence

Illustrated notes

Levels and vault maps discovered:
D:1:      scummos_arrival_simple_fountains, layout_loops_ring, minmay_cut_off
D:2:      layout_loops_corners, basic_altar, uniq_robin, uniq_terence

Skill      XL: |  1  2 |
---------------+-------+-----
Conjurations   | 5 |  5.0
Spellcasting   | 4 |  4.6
Dodging        | |  2.4
Stealth        | |  2.4

Action                     || total
---------------------------++-------
   Cast: Magic Dart        ||    43
         Searing Ray       ||     4
 Armour: Robe              ||     1
  Dodge: Dodged            ||     8
